 Dungeon Crawl Stone Soup version 0.20.1-1-g8b1a95d (webtiles) character file.

72 Kingsmith the Grave Robber (level 4, -2/30 HPs)
             Began as a Mummy Necromancer on Dec 6, 2017.
             Slain by Jessica
             ... wielding a +0 club
              (4 damage)
             ... on level 2 of the Dungeon.
             The game lasted 00:05:49 (1944 turns).

Kingsmith the Grave Robber (Mummy Necromancer)      Turns: 1944, Time: 00:05:50

Health: -2/30      AC:  2    Str: 11    XL:     4   Next: 7%
Magic:  2/8        EV: 12    Int: 15    God:
Gold:   24         SH:  0    Dex: 12    Spells: 4/8 levels left

rFire    x . .     SeeInvis .   e - +0 short sword
rCold    + . .     Gourm    .   (no shield)
rNeg     + + +     Faith    .   a - +0 robe
rPois    ∞         Spirit   .   (no helmet)
rElec    .         Reflect  .   (no cloak)
rCorr    .         Harm     .   (no gloves)
MR       .....                  (no boots)
Stlth    ++........             (no amulet)
Regen    0.1/turn               (no ring)
MPRegen  0.2/turn               (no ring)

@: no status effects
A: no food or potions, fire vulnerability, cold resistance 1, negative energy
resistance 3, torment resistance, unbreathing
a: no special abilities


You were on level 2 of the Dungeon.
You were not hungry.

You visited 1 branch of the dungeon, and saw 2 of its levels.

You collected 24 gold pieces.

Inventory:

Hand Weapons
 e - a +0 short sword (weapon)
Armour
 a - a +0 robe (worn)
Scrolls
 c - 3 scrolls of amnesia {unknown}
 d - a scroll of fog {unknown}
 f - a scroll of identify {unknown}
 g - a scroll of noise {unknown}
Books
 b - a book of Necromancy

   Spells                             Type                      Level
   a - Pain                           Necromancy                   1
   b - Animate Skeleton               Necromancy                   1
   c - Vampiric Draining              Necromancy                   3
   d - Regeneration                   Charms/Necromancy            3
   e - Animate Dead                   Necromancy                   4
   f - Control Undead                 Necromancy                   4


   Skills:
 - Level 1.5 Dodging
 - Level 1.5 Stealth
 - Level 2.6 Spellcasting
 + Level 5.6 Necromancy


You had 4 spell levels left.
You knew the following spells:

 Your Spells              Type           Power        Failure   Level  Hunger
a - Pain                  Necr           ###.         1%          1    N/A
b - Vampiric Draining     Necr           ###.......   6%          3    N/A

Dungeon Overview and Level Annotations

Branches:
Dungeon (2/15)

Altars:

Annotations:
D:2 Jessica


Innate Abilities, Weirdness & Mutations

You do not eat or drink.
Your flesh is vulnerable to fire.
You are immune to poison.
Your flesh is cold resistant. (rC+)
You are immune to negative energy. (rN+++)
You are immune to unholy pain and torment.
You can survive without breathing.


Message History

Casting: Vampiric Draining
Confirm with . or Enter, or press ? or * to list all spells.
Aiming: Pain
Press: ? - help, Shift-Dir - straight line, f/p - worm
Aim: a worm (moderately wounded, chance to defeat MR: 84%)
The worm writhes in agony!
Jessica hits you with a club. The worm misses you.
Jessica hits you but does no damage.
You barely miss the worm.
The worm is heavily wounded.
Jessica hits you with a club. The worm bites you!
* * * LOW HITPOINT WARNING * * *
You barely miss the worm.
The worm is heavily wounded.
Jessica hits you but does no damage.
Jessica says, "I'm really upset."
Jessica closely misses you.
You hit the worm but do no damage.
The worm is heavily wounded.
Jessica hits you with a club.
You die...

...(.............# #
...................#####
.......................
#.####...%........#####
#.#.#.........####.......
###.#.............)........
....>.............†.......
#.###.##@##..(..##....###
######...†.gw@#####...#....#..
#..........#### #...#....#..
#..........# #...#+#.##.#
#........?$# #...........
#..........# #...........
#..........# ####....#...
#.........## ####.#...
#.....##### #.#... ##.... .
#.###.


You could see a worm, Jessica and a hobgoblin.

Vanquished Creatures
  2 adders (D:2)
  A worm (D:2)
  5 dart slugs
  A leopard gecko (D:1)
  2 ball pythons (D:2)
  4 goblins
  5 hobgoblins
  8 kobolds
  7 bats
  7 frilled lizards
  2 rats
44 creatures vanquished.

Notes
Turn   | Place    | Note
-------+----------+-------------------------------------------
     0 | D:1      | Kingsmith the Mummy Necromancer began the quest for the Orb.
     0 | D:1      | Reached XP level 1. HP: 13/13 MP: 4/4
   198 | D:1      | Reached XP level 2. HP: 19/19 MP: 2/5
   719 | D:1      | Reached skill level 5 in Necromancy
   719 | D:1      | Reached XP level 3. HP: 24/24 MP: 7/7
  1825 | D:2      | Learned a level 3 spell: Vampiric Draining
  1847 | D:2      | Reached XP level 4. HP: 25/30 MP: 1/8
  1925 | D:2      | Noticed Jessica
  1944 | D:2      | Slain by Jessica

Skill      XL: |  1  2 |
---------------+-------+-----
Necromancy     | 5 |  5.6
Dodging        | |  1.5
Stealth        | |  1.5
Spellcasting   | |  2.6

Action                   |  1- 3 |  4- 6 || total
-------------------------+-------+-------++-------
Melee: Unarmed           |     3 |       ||     3
       Short sword       |    35 |     8 ||    43
       Club              |     9 |       ||     9
Throw: Stone             |     1 |       ||     1
 Cast: Pain              |    79 |     7 ||    86
       Vampiric Draining |       |     2 ||     2
 Stab: Sleeping          |     3 |       ||     3
Armor: Robe              |    11 |     2 ||    13
Dodge: Dodged            |    45 |     6 ||    51
